 Dungeon Crawl Stone Soup version 0.30-a0-728-gc68057be0a (webtiles) character file.

Game seed: 7227982506537150252

24206 browni3141 the Geomancer (level 13, -21/89 (98) HPs)
             Began as a Human Earth Elementalist on Jan 30, 2023.
             Was an Elder of Kikubaaqudgha.
             Demolished by a balrug
             ... wielding a +1 demon whip of draining
              (23 damage)
             ... on level 2 of the Abyss.
             The game lasted 00:48:41 (15875 turns).

browni3141 the Geomancer (HuEE)                    Turns: 15875, Time: 00:48:42

HP:   -21/89 (98)   AC:  7    Str: 11    XL:     13   Next: 41%
MP:   20/20         EV: 17    Int: 22    God:    Kikubaaqudgha [****..]
Gold: 499           SH:  0    Dex: 20    Spells: 3/22 levels left

rFire   + . .      SeeInvis .    a - +1 dagger (venom)
rCold   + . .      Faith    .    (no shield)
rNeg    + . .      Spirit   .    x - +0 troll leather armour
rPois   +          Reflect  .    A - +0 helmet
rElec   +          Harm     .    (no cloak)
rCorr   +          Rampage  .    R - +0 pair of gloves
Will    +....                    Q - +0 pair of boots
Stlth   +++                      V - amulet of magic regeneration
HPRegen 0.00/turn                W - ring of Zouleila {Contam rPois rN+ Dex+7}
MPRegen 0.57/turn                u - ring "Tovum" {rPois Will+ Str+3 Stlth+}

@: about to teleport, resistant, inhibited regen, drained, very slow
A: inhibited regeneration, subdued magic 1
a: Renounce Religion, Unearth Wretches


You were on level 2 of the Abyss.
You worshipped Kikubaaqudgha.
Kikubaaqudgha was greatly pleased with you.
You visited 3 branches of the dungeon, and saw 16 of its levels.
You visited the Abyss 1 time.
You also visited: Bailey.

You collected 1022 gold pieces.
You spent 523 gold pieces at shops.

Inventory:

Hand Weapons
 a - a +1 dagger of venom (weapon)
 b - a +4 vampiric rapier
Missiles
 X - 3 curare-tipped darts
Armour
 f - a +0 robe
 x - a +0 troll leather armour (worn)
 A - a +0 helmet (worn)
 Q - a +0 pair of boots (worn)
 R - a +0 pair of gloves (worn)
Magical Staves
 y - a staff of conjuration
 J - a staff of poison
Jewellery
 r - a ring of ice
 s - a ring of see invisible
 u - the ring "Tovum" (right hand) {rPois Will+ Str+3 Stlth+}
   (You acquired it on level 11 of the Dungeon)

   [ring of willpower]

   Str:       It affects your strength (+3).
   rPois:     It protects you from poison.
   Will:      It increases your willpower.
   Stlth:     It makes you more stealthy.
 C - a +6 ring of strength
 N - the ring of Hunihuasic {Fly rN+}
   (You took it off an orc on level 8 of the Dungeon)

   [ring of positive energy]

   rN:        It protects you from negative energy.
   Fly:       It grants you flight.
 S - a ring of protection from fire
 V - an amulet of magic regeneration (around neck)
 W - the ring of Zouleila (left hand) {Contam rPois rN+ Dex+7}
   (You bought it in a shop on level 13 of the Dungeon)

   [ring of poison resistance]

   Dex:       It affects your dexterity (+7).
   rPois:     It protects you from poison.
   rN:        It protects you from negative energy.
   Contam:    It causes magical contamination when unequipped.
 Z - an amulet of guardian spirit
Wands
 z - a wand of digging (10)
 K - a wand of flame (30)
 M - a wand of quicksilver (4)
 T - a wand of paralysis (7)
 Y - a wand of roots (2)
Scrolls
 c - 2 scrolls of fog
 g - 3 scrolls of vulnerability
 i - a scroll of poison
 l - 4 scrolls of magic mapping
 n - 8 scrolls of teleportation
 o - 3 scrolls of enchant armour
 p - 2 scrolls of silence
 v - 2 scrolls of noise
 B - 3 scrolls of immolation {unknown}
 E - 5 scrolls of enchant weapon {unknown}
 F - a scroll of brand weapon {unknown}
 G - a scroll of fear {unknown}
 H - 3 scrolls of summoning {unknown}
 O - 2 scrolls of blinking
 P - a scroll of amnesia {unknown}
Potions
 d - 3 potions of lignification
 e - 5 potions of curing
 h - 3 potions of attraction
 j - 4 potions of flight
 m - 3 potions of degeneration
 q - 2 potions of heal wounds
 t - 4 potions of might {unknown}
 w - 2 potions of magic
 D - 5 potions of mutation {unknown}
 I - a potion of berserk rage {unknown}
 L - 3 potions of haste {unknown}
 U - a potion of resistance
Miscellaneous
 k - a phantom mirror


   Skills:
 * Level 7.9 Fighting
 - Level 6.0 Short Blades
 * Level 8.3 Dodging
 * Level 9.0 Stealth
 - Level 5.0 Spellcasting
 - Level 2.0 Conjurations
 - Level 6.0 Necromancy
 - Level 6.0 Transmutations
 - Level 12.0 Earth Magic
 - Level 4.0 Evocations


You had 3 spell levels left.
You knew the following spells:

 Your Spells              Type           Power      Damage    Failure   Level
a - Sandblast             Erth           88%        2d18      1%          1
b - Passwall              Tmut/Erth      28%        N/A       1%          2
c - Stone Arrow           Conj/Erth      54%        3d10      1%          3
d - Sublimation of Blood  Necr           24%        N/A       1%          2
e - Petrify               Tmut/Erth      34%        N/A       2%          4
f - Cigotuvi's Dreadful   Necr/Pois/Air  22%        N/A       7%          2
g - Borgnjor's Vile Clut  Necr/Erth      17%        N/A       7%          5

Your spell library contained the following spells:

 Spells                   Type           Power      Damage    Failure   Level
 Kiss of Death            Conj/Necr      68%        2d10      1%          1
 Necrotise                Necr           96%        1d8       1%          1
 Wereblood                Tmut           24%        N/A       1%          2
 Vampiric Draining        Necr           24%        2d7       2%          3
 Slow                     Hex            16%        N/A       11%         1
 Summon Small Mammal      Summ           16%        N/A       11%         1
 Static Discharge         Conj/Air       14%        2-3/arc   11%         2
 Call Canine Familiar     Summ           4%         N/A       32%         3
 Confusing Touch          Hex            4%         N/A       32%         3
 Summon Guardian Golem    Hex/Summ       4%         N/A       32%         3
 Vhi's Electric Charge    Tloc/Air       8%         N/A       32%         3
 Animate Dead             Necr           24%        N/A       9%          4
 Agony                    Necr           24%        N/A       26%         5
 Anguish                  Hex/Necr       7%         N/A       32%         4
 Death Channel            Necr           12%        N/A       83%         6
 Arcjolt                  Conj/Air       3%         1d13      92%         5
 Lightning Bolt           Conj/Air       3%         1d15      92%         5
 Freezing Cloud           Conj/Ice/Air   3%         6-21      95%         5
 Simulacrum               Ice/Necr       7%         N/A       99%         6
 Summon Hydra             Summ           2%         N/A       100%        7
 Polar Vortex             Ice            2%         N/A       100%        9


Dungeon Overview and Level Annotations

Branches:
Dungeon (14/15)            Temple (1/1) D:5            Lair (1/5) D:9
    Orc (0/2) D:9          Vaults (0/5) D:13         Bailey (visited)

Altars:
Ashenzari
Cheibriados
Dithmenos
Elyvilon
Fedhas
Gozag
Hepliaklqana
Kikubaaqudgha
Nemelex Xobeh
Okawaru
Qazlal
Ru
Sif Muna
Trog
Uskayaw
Vehumet
Wu Jian
Xom
Zin
The Shining One

Shops:
D:12 =   D:13 =

Annotations:
D:8 3 runed translucent doors, exclusion: 3 doors, Likado's ghost, novice GnRe
D:9 1 runed translucent door, exclusion: door, baller8008's ghost, journeyman AtFi
D:11 2 transporters, exclusion: downstairs, Mitcholas's ghost, journeyman DrHu
D:13 2 transporters, exclusion: downstairs
D:14 Agnes


Innate Abilities, Weirdness & Mutations

You do not regenerate when monsters are visible.
Your spells are a little easier to cast, but a little less powerful.


Message History

You feel much better. The balrug barely misses you.
The neqoxec is engulfed in a cloud of scalding steam.
The neqoxec gestures at you.
Something tries to feed on your intellect!
Unknown command.
The balrug attacks as you move away!
The balrug hits you with a +1 demon whip of draining!
You are engulfed in flames!
You resist. You partially resist.
You feel drained.
The raiju is engulfed in a cloud of scalding steam.
The neqoxec is engulfed in a cloud of scalding steam.
The neqoxec hits you.
The balrug hits you with a +1 demon whip of draining!!
* * * LOW HITPOINT WARNING * * *
You are engulfed in flames!
You resist.
* * * LOW HITPOINT WARNING * * *
You partially resist.
You feel drained.
* * * LOW HITPOINT WARNING * * *
You feel much better. The neqoxec gestures at you.
Strange energies course through your body.
Your regeneration stops near monsters.
The raiju is engulfed in a cloud of scalding steam.
The raiju bursts into living lightning!
The living lightning hits the raiju.
The raiju completely resists.
The living lightning misses you.
The raiju blinks!
The balrug hits you with a +1 demon whip of draining!
You are engulfed in flames!
You resist.
* * * LOW HITPOINT WARNING * * *
You partially resist.
You feel drained. The raiju attacks as you move away! The raiju bites you.
* * * LOW HITPOINT WARNING * * *
The raiju shocks you. You resist.
* * * LOW HITPOINT WARNING * * *
The neqoxec hits you!
* * * LOW HITPOINT WARNING * * *
The neqoxec gestures at you.
Something tries to feed on your intellect!
The balrug hits you with a +1 demon whip of draining!!
You die...
Kikubaaqudgha rasps: "You have failed me!
Welcome... death!"

..#~~~~~..#.~ ~
...~♣~~~~..#§§.#
..≈~≈~~~~####..
##≈~≈~~≈~~..... #
#.≈~~≈≈≈~~...#§
##.##~~h~~~~~#.~..
....≈~~~~~~~≈#≈#
#..~~~2≈~~~♣...
#.#.~@3h≈~~~.#~
#...~≈≈≈§~~≈~~..
..####~~☼☼t§~~~~.
#..~≈§♣~~≈~~#
##.#≈~≈~~~~~~
#.#~~≈≈♣≈~~~
##..~~≈~~~≈~
##≈~~~~~~~


You could see a balrug, an apocalypse crab, 2 raiju and a neqoxec.

Vanquished Creatures
  A hydra (D:13)
  A catoblepas (D:12)
  3 centaur warriors (D:13)
  5 two-headed ogres
  3 boulder beetles
  A sixfirhy (Abyss:2)
  An orc knight (Bailey)
  2 ugly things
  A manticore (D:12)
  2 cyclopes
  An elephant (D:9)
  A gargoyle (D:13)
  2 cane toads (Lair:1)
  An efreet (D:13)
  A kobold demonologist (D:12)
  An unseen horror (D:12)
  Psyche (D:12)
  3 trolls
  2 shadows
  2 vampires
  7 slime creatures
  A flying skull (Abyss:2)
  13 yaks
  Sigmund (D:5)
  A wyvern (D:9)
  4 wraiths
  Eustachio (D:5)
  A steam dragon (D:10)
  A neqoxec (Abyss:2)
  Edmund (D:6)
  2 acid dragons
  6 orc warriors
  4 water moccasins
  A black bear (D:4)
  3 ice beasts
  4 sky beasts
  4 ogres
  7 centaurs
  2 phantoms
  4 kobold brigands
  A wyvern zombie (D:8)
  A bullfrog (D:9)
  3 scorpions
  4 necrophages (D:8)
  13 wights
  4 killer bees (D:11)
  A howler monkey (D:12)
  2 electric eels
  2 lava snakes (D:8)
  2 hounds (D:4)
  A jelly (D:6)
  4 orc priests
  4 iguanas
  7 orc wizards
  A howler monkey zombie (D:8)
  9 gnolls
  6 adders
  A shadow imp (D:7)
  A white imp (D:8)
  3 ufetubi
  5 worms
  5 dart slugs
  45 orcs
  8 ball pythons
  3 endoplasms
  2 giant cockroaches
  9 goblins
  7 hobgoblins
  4 quokkas
  5 bats
  6 frilled lizards
  30 kobolds
  4 rats
  A butterfly (D:4)
307 creatures vanquished.

Vanquished Creatures (others)
  An orc priest (D:9)
  2 orcs (D:9)
  3 bushes (D:8)
  2 fungi (Lair:1)
  13 plants (D:8)
21 creatures vanquished.

Grand Total: 328 creatures vanquished

Notes
Turn   | Place    | Note
-------+----------+-------------------------------------------
     0 | D:1      | browni3141 the Human Earth Elementalist began the quest for
                  | the Orb.
     0 | D:1      | Reached XP level 1. HP: 13/13 MP: 3/3
     7 | D:2      | Found a sparkling altar of Nemelex Xobeh.
   156 | D:1      | Reached skill level 1 in Fighting
   210 | D:1      | Reached XP level 2. HP: 20/21 MP: 0/5
   687 | D:1      | Reached XP level 3. HP: 26/26 MP: 3/6
   975 | D:2      | Reached skill level 4 in Earth Magic
  1100 | D:2      | You fall into a shaft and drop 2 floors!
  1103 | D:4      | Noticed a black bear
  1111 | D:4      | Noticed an ogre
  1114 | D:4      | Killed an ogre
  1115 | D:4      | Reached skill level 5 in Earth Magic
  1115 | D:4      | Reached XP level 4. HP: 32/32 MP: 3/7
  1115 | D:4      | Reached XP level 5. HP: 37/37 MP: 3/8
  1324 | D:3      | Reached skill level 6 in Earth Magic
  1324 | D:3      | Reached XP level 6. HP: 43/43 MP: 6/9
  1327 | D:3      | Learned a level 2 spell: Passwall
  1331 | D:3      | Learned a level 3 spell: Stone Arrow
  2114 | D:2      | Learned a level 2 spell: Sublimation of Blood
  2759 | D:4      | Killed a black bear
  2760 | D:4      | Reached skill level 7 in Earth Magic
  2760 | D:4      | Reached XP level 7. HP: 40/48 MP: 4/10
  2843 | D:4      | Found a shimmering altar of Xom.
  2876 | D:4      | Found a shadowy altar of Dithmenos.
  2973 | D:4      | Found a hide-covered altar of Uskayaw.
  3480 | D:5      | Entered Level 5 of the Dungeon
  3642 | D:5      | Noticed Sigmund
  3655 | D:5      | Noticed Eustachio
  3743 | D:4      | Reached skill level 8 in Earth Magic
  3743 | D:4      | Reached skill level 1 in Necromancy
  3920 | D:5      | Killed Sigmund
  3921 | D:5      | Reached XP level 8. HP: 54/54 MP: 6/12
  4013 | D:5      | Found a staircase to the Ecumenical Temple.
  4254 | D:5      | Killed Eustachio
  4259 | D:5      | Reached skill level 1 in Conjurations
  4380 | D:5      | Found a glowing golden altar of the Shining One.
  4440 | Temple   | Entered the Ecumenical Temple
  4454 | Temple   | Became a worshipper of Kikubaaqudgha
  4685 | D:6      | Reached skill level 1 in Short Blades
  4738 | D:6      | Noticed Edmund
  4785 | D:6      | Killed Edmund
  4904 | D:6      | Reached XP level 9. HP: 59/59 MP: 12/15
  5359 | D:6      | Found a white marble altar of Elyvilon.
  5359 | D:6      | Found an opulent altar of Gozag.
  5360 | D:6      | Found an iron altar of Okawaru.
  5998 | D:7      | Reached * piety under Kikubaaqudgha
  5998 | D:7      | Received a gift from Kikubaaqudgha
  6075 | D:7      | Found an ornate altar of the Wu Jian Council.
  6106 | D:7      | Reached skill level 5 in Short Blades
  6132 | D:7      | Found a flagged portal.
  6254 | Bailey   | Entered a bailey
  6259 | Bailey   | Noticed an orc warlord
  6459 | Bailey   | Found a runed translucent gate.
  6459 | Bailey   | Found a runed translucent gate.
  6459 | Bailey   | Found a runed translucent gate.
  6657 | Bailey   | Noticed an orc knight
  6703 | Bailey   | Killed an orc knight
  6704 | Bailey   | Reached XP level 10. HP: 70/70 MP: 4/16
  6711 | Bailey   | Learned a level 4 spell: Petrify
  7015 | D:7      | Found the +5 consecrated labrys {holy, Valiant Fragile Fly
                  | SInv}
  7020 | D:7      | Found a stormy altar of Qazlal.
  7204 | D:8      | Found a runed translucent gate.
  7205 | D:8      | Found a runed translucent gate.
  7206 | D:8      | Found a runed translucent gate.
  7207 | D:8      | Found an opulent altar of Gozag.
  7216 | D:8      | Reached skill level 9 in Earth Magic
  7249 | D:8      | Found a blossoming altar of Fedhas.
  7431 | D:8      | Identified the +7 chain mail of the Moon {+Blink rC+}
  7905 | D:8      | Identified the ring of Hunihuasic {Fly rN+}
  7907 | D:8      | Reached ** piety under Kikubaaqudgha
  8064 | D:8      | Noticed a cyclops
  8067 | D:8      | Noticed a centaur warrior
  8068 | D:8      | Reached skill level 10 in Earth Magic
  8078 | D:8      | Noticed Likado's ghost (novice GnRe)
  8091 | D:8      | Reached skill level 1 in Evocations
  9274 | D:9      | Learned a level 2 spell: Cigotuvi's Dreadful Rot
  9417 | D:9      | Reached skill level 5 in Necromancy
  9421 | D:9      | Reached XP level 11. HP: 38/75 MP: 5/17
  9667 | D:9      | Found a radiant altar of Vehumet.
  9769 | D:9      | Found a bloodstained altar of Trog.
  9829 | D:9      | Reached *** piety under Kikubaaqudgha
  9829 | D:9      | Received a gift from Kikubaaqudgha
  9831 | D:9      | Found a staircase to the Orcish Mines.
  9986 | D:10     | Entered Level 10 of the Dungeon
 10712 | D:11     | Reached skill level 5 in Spellcasting
 10755 | D:11     | Acquired the ring "Tovum" {rPois Will+ Str+3 Stlth+}
 10814 | D:11     | Reached skill level 11 in Earth Magic
 11076 | D:11     | Noticed a boulder beetle
 11087 | D:11     | Killed a boulder beetle
 11350 | D:11     | Noticed a cyclops
 11455 | D:11     | Found a transporter.
 11457 | D:11     | Found a transporter.
 11459 | D:11     | Noticed Mitcholas's ghost (journeyman DrHu)
 11497 | D:11     | Noticed a cyclops
 11508 | D:11     | Killed a cyclops
 11910 | D:9      | Reached skill level 12 in Earth Magic
 11919 | D:9      | Learned a level 5 spell: Borgnjor's Vile Clutch
 12269 | D:9      | Found a runed translucent door.
 12272 | D:9      | Noticed baller8008's ghost (journeyman AtFi)
 12294 | D:9      | Found a staircase to the Lair.
 12389 | Lair:1   | Entered Level 1 of the Lair of Beasts
 12485 | Lair:1   | Noticed an elephant
 12486 | Lair:1   | Noticed an elephant
 12486 | Lair:1   | Noticed an elephant
 12486 | Lair:1   | Noticed an elephant
 12486 | Lair:1   | Noticed an elephant
 12497 | Lair:1   | Noticed an elephant
 12512 | D:9      | Killed an elephant
 12667 | D:12     | Noticed a manticore
 12670 | D:12     | Noticed Psyche
 12680 | D:12     | Killed a manticore
 12681 | D:12     | Reached XP level 12. HP: 83/83 MP: 17/19
 12690 | D:12     | Killed Psyche
 12691 | D:12     | Reached skill level 5 in Stealth
 12799 | D:12     | Noticed a two-headed ogre
 12810 | D:12     | Killed a two-headed ogre
 12811 | D:12     | Reached skill level 5 in Dodging
 12811 | D:12     | Reached skill level 5 in Transmutations
 12839 | D:12     | Reached **** piety under Kikubaaqudgha
 12910 | D:12     | Noticed a two-headed ogre
 12920 | D:12     | Killed a two-headed ogre
 13065 | D:12     | Noticed a catoblepas
 13314 | D:12     | Reached skill level 5 in Fighting
 13430 | D:12     | Noticed a two-headed ogre
 13446 | D:12     | Killed a two-headed ogre
 13450 | D:12     | Noticed a boulder beetle
 13464 | D:12     | Killed a boulder beetle
 13837 | D:12     | Found Kuib's Jewellery Emporium.
 14234 | D:12     | Found Kuib's Jewellery Emporium.
 14403 | D:12     | Killed a catoblepas
 14589 | D:13     | Found a transporter.
 14590 | D:13     | Noticed a centaur warrior
 14596 | D:13     | Found a gate to the Vaults.
 14599 | D:13     | Killed a centaur warrior
 14671 | D:13     | Noticed a six-headed hydra
 14671 | D:13     | Noticed a two-headed ogre
 14672 | D:13     | Noticed a centaur warrior
 14781 | D:13     | Killed a six-headed hydra
 14782 | D:13     | Reached XP level 13. HP: 95/95 MP: 20/20
 14881 | D:13     | Found a transporter.
 15260 | D:13     | Noticed a centaur warrior
 15270 | D:13     | Found Kevyrraa's Jewellery Emporium.
 15294 | D:13     | Bought the ring of Zouleila {Contam rPois rN+ Dex+7} for
                  | 523 gold pieces
 15308 | D:13     | Killed a centaur warrior
 15546 | D:13     | Killed a centaur warrior
 15578 | D:14     | Noticed a centaur warrior
 15646 | D:14     | Noticed Agnes
 15652 | Abyss:2  | Cast into level 2 of the Abyss (Agnes)
 15706 | Abyss:2  | Found a corrupted altar of Lugonu.
 15757 | Abyss:2  | Found a corrupted altar of Lugonu.
 15864 | Abyss:2  | Noticed a balrug
 15870 | Abyss:2  | Gained mutation: Your spells are a little easier to cast,
                  | but a little less powerful. [a neqoxec]
 15873 | Abyss:2  | HP: 4/90 [balrug/+1 demon whip of draining (1)]
 15874 | Abyss:2  | Gained mutation: You do not regenerate when monsters are
                  | visible. [a neqoxec]
 15875 | Abyss:2  | Demolished by a balrug

Illustrated notes

Levels and vault maps discovered:
D:1:      dpeg_arrival_line_fractal, layout_loops_ring
D:2:      layout_loops_ring, basic_altar, chequers_serial_rivers_small_a
D:3:      layout_rooms, hangedman_decor_clover_reticule,
          nicolae_concentric_dashed_squares_mild
D:4:      layout_basic, mainiacjoe_overflow_paths, xom_butterflies,
          lemuel_tele_altar
D:5:      layout_rooms, lemuel_round_altar, minmay_temple_entry_glassed_door,
          columned_hall_lemuel, minmay_splitting_lines, uniq_sigmund,
          uniq_eustachio
D:6:      layout_basic, gammafunk_temple_overflow_claw, st_stairs_14,
          uniq_edmund
D:7:      layout_rooms, mainiacjoe_overflow_chevrons,
          nicolae_wu_jian_immortal_techniques, enter_bailey_3, minivault_24
D:8:      wad_pebble_path, layout_basic, fedhas_altar_decomposition,
          ebering_ghost_gozag, nicolae_lava_and_water
D:9:      layout_loops_ring, fiery_altar_vehumet, lightli_temple_of_fire,
          lair_entry_dummy, david_orc_5, ebering_ghost_reflecting_pool,
          minmay_crystal_water
D:10:     layout_basic
D:11:     layout_loops_ring, gammafunk_ghost_hive, grunt_ministairs_12
D:12:     layout_stronghold, serial_shops, kennysheep_mini_moat,
          fungi_pond_lemuel, minmay_misc_feat_diagonals, uniq_psyche
D:13:     gammafunk_dig_for_victory, layout_rooms, serial_shops, shop,
          nicolae_twisting_strands
D:14:     layout_roguey, nicolae_trove_entry_path_of_doom,
          kennysheep_big_empty_room, reono_crystal_passage, uniq_agnes
Temple:   chequers_temple_sunken
Lair:1:   layout_chaotic_city, uniq_maggie
Abyss:2:  base: D:5, hangedman_abyss_monster_moat,
          hangedman_abyss_or_decor_stagger

Skill      XL: |  1  2  3  4  5  6  7  8  9 10 11 12 13 |
---------------+----------------------------------------+-----
Fighting       | 1 3 4 6 7 |  7.9
Earth Magic    | 5 6 7 8 10 12 | 12.0
Necromancy     | 2 3 5 6 |  6.0
Spellcasting   | 4 5 |  5.0
Conjurations   | 2 |  2.0
Transmutations | 2 4 6 |  6.0
Short Blades   | 4 6 |  6.0
Dodging        | 4 7 8 |  8.3
Stealth        | 4 7 9 |  9.0
Evocations     | 4 |  4.0

Action                     |  1- 3 |  4- 6 |  7- 9 | 10-12 | 13-15 || total
---------------------------+-------+-------+-------+-------+-------++-------
  Melee: Unarmed           |     2 |       |       |       |       ||     2
         Short sword       |       |     2 |     1 |       |       ||     3
         Rapier            |       |       |    27 |    75 |       ||   102
         Punch             |       |       |     1 |     1 |       ||     2
         Dagger            |       |       |       |   137 |    20 ||   157
   Cast: Sandblast         |    45 |    58 |   124 |   224 |    43 ||   494
         Stone Arrow       |       |     1 |    26 |    13 |     9 ||    49
         Petrify           |       |       |       |    66 |     8 ||    74
         Sublimation of Bl |       |       |       |     1 |       ||     1
         Borgnjor's Vile C |       |       |       |     2 |     3 ||     5
         Passwall          |       |       |       |       |     1 ||     1
  Evoke: Phantom mirror    |       |       |       |     2 |       ||     2
         Wand              |       |       |       |     1 |       ||     1
    Use: Scroll            |       |     5 |     1 |    10 |     4 ||    20
         Potion            |       |     1 |     4 |     4 |     5 ||    14
   Stab: Petrified         |       |       |       |   113 |    10 ||   123
         Petrifying        |       |       |       |     5 |       ||     5
         Sleeping          |       |       |       |     2 |     2 ||     4
         Distracted        |       |       |       |     1 |       ||     1
 Armour: Robe              |     2 |     2 |     8 |       |       ||    12
         Leather armour    |       |       |    28 |    60 |       ||    88
         Troll leather arm |       |       |       |    10 |    15 ||    25
  Dodge: Dodged            |     4 |    12 |    71 |   136 |    66 ||   289

Table legend: (Time is in decaauts)
 A = Elapsed time spent in this place.
 B = Non-inter-level travel time spent in this place.
 C = Inter-level travel time spent in this place.
 D = Time resting spent in this place.
 E = Time spent auto-exploring this place.
 F = Levels seen in this place.
 G = Mean time per level.
                   A        B        C        D        E       F      G
               +--------+--------+--------+--------+--------+-----+--------+
         Total |  16108 |  15364 |    744 |   2296 |   9409 |  18 |  894.9 |
       Dungeon |  15061 |  14330 |    731 |   2114 |   9211 |  14 | 1075.8 |
        Temple |     31 |     18 |     13 |      0 |      0 |   1 |   31.0 |
          Lair |    118 |    118 |      0 |      0 |     52 |   1 |  118.0 |
         Abyss |    227 |    227 |      0 |     83 |      0 |   1 |  227.0 |
        Bailey |    670 |    670 |      0 |     99 |    146 |   1 |  670.0 |
               +--------+--------+--------+--------+--------+-----+--------+

Top non-repeatable levels by time:
     D:8: 1866 daAuts
    D:12: 1823 daAuts
     D:6: 1476 daAuts
     D:9: 1458 daAuts
    D:11: 1196 daAuts
    D:13: 1119 daAuts
     D:4: 1102 daAuts
     D:1: 921 daAuts
     D:2: 894 daAuts
     D:5: 822 daAuts
     D:3: 807 daAuts
     D:7: 800 daAuts
    D:10: 702 daAuts
  Bailey: 670 daAuts
 Abyss:2: 227 daAuts
